 Dungeon Crawl Stone Soup version 0.26.1-2-gb8aa6d0cf2 (webtiles) character file.

Game seed: 1590959358871818147

2192 st0uf the Gusty (level 9, -3/62 HPs)
             Began as a Green Draconian Air Elementalist on Mar 19, 2021.
             Slain by Maggie
             ... wielding a +1 long sword of flaming
              (12 damage)
             ... on level 8 of the Dungeon.
             The game lasted 00:42:12 (7867 turns).

st0uf the Gusty (Green Draconian Air Elementalist)  Turns: 7867, Time: 00:42:12

Health: -3/62      AC: 10    Str: 20    XL:     9   Next: 12%
Magic:  6/18       EV: 14    Int: 19    God:
Gold:   312        SH:  0    Dex: 11    Spells: 12/20 levels left

rFire    . . .     SeeInvis .   C - +6 spear "Tytub" {vorpal, rC+ Str+3}
rCold    + . .     Faith    .   (no shield)
rNeg     . . .     Spirit   .   (armour unavailable)
rPois    +         Reflect  .   (helmet restricted)
rElec    .         Harm     .   x - +1 cloak {Stlth+}
rCorr    .         Rampage  .   (no gloves)
Will     .....                  i - +0 pair of boots
Stlth    ++........             (no amulet)
HPRegen  0.20/turn              j - +6 ring of strength
MPRegen  0.16/turn              v - ring of wizardry

@: short of breath
A: breathe noxious fumes, unfitting armour, poison resistance, cold-blooded, AC
+7
a: Breathe Noxious Fumes


You were on level 8 of the Dungeon.
You visited 2 branches of the dungeon, and saw 9 of its levels.

You collected 312 gold pieces.

Inventory:

Hand Weapons
 w - a +0 spear of venom
 C - the +6 spear "Tytub" (weapon) {vorpal, rC+ Str+3}
   (You found it on level 7 of the Dungeon)

   It inflicts extra damage upon your enemies.
   It affects your strength (+3).
   It protects you from cold.
Missiles
 f - 51 poisoned darts
Armour
 i - a +0 pair of boots (worn)
 x - a +1 cloak of stealth (worn)
Jewellery
 j - a +6 ring of strength (left hand)
 v - a ring of wizardry (right hand)
 y - a +6 ring of intelligence {unknown}
Wands
 u - a wand of acid (7)
 D - a wand of iceblast (4)
Scrolls
 b - a scroll of random uselessness {unknown}
 c - 3 scrolls of amnesia {unknown}
 d - 6 scrolls of teleportation {unknown}
 e - 5 scrolls of identify
 g - 4 scrolls of remove curse {unknown}
 m - a scroll of noise {unknown}
 o - 3 scrolls of fog {unknown}
 q - 2 scrolls of magic mapping {unknown}
 r - 2 scrolls of blinking {unknown}
Potions
 a - a potion of ambrosia {unknown}
 h - 2 potions of haste {unknown}
 k - 4 potions of brilliance {unknown}
 l - a potion of curing
 n - a potion of cancellation {unknown}
 p - a potion of mutation {unknown}
 s - 4 potions of heal wounds {unknown}
 t - 2 potions of degeneration {unknown}
 z - a potion of might {unknown}
 A - a potion of lignification {unknown}
 B - a potion of berserk rage {unknown}


   Skills:
 - Level 0.4 Polearms
 + Level 4.6 Dodging
 - Level 1.7 Stealth
 * Level 6.4 Spellcasting
 * Level 5.9 Conjurations
 * Level 7.1 Air Magic


You had 12 spell levels left.
You knew the following spells:

 Your Spells              Type           Power        Failure   Level
a - Shock                 Conj/Air       100%         1%          1
b - Static Discharge      Conj/Air       31%          1%          3
c - Airstrike             Air            16%          2%          4

Your spell library contained the following spells:

 Spells                   Type           Power        Failure   Level
 Swiftness                Air            33%          1%          2
 Corona                   Hex            6%           4%          1
 Dazzling Flash           Conj/Hex       34%          4%          3
 Ensorcelled Hibernation  Hex/Ice        12%          6%          2
 Lightning Bolt           Conj/Air       15%          9%          5
 Confusing Touch          Hex            6%           13%         3
 Tukima's Dance           Hex            6%           13%         3


Dungeon Overview and Level Annotations

Branches:
Dungeon (8/15)             Temple (1/1) D:5
   Lair: D:8-11

Altars:
Ashenzari
Cheibriados
Dithmenos
Elyvilon
Fedhas
Gozag
Hepliaklqana
Kikubaaqudgha
Makhleb
Nemelex Xobeh
Okawaru
Qazlal
Ru
Trog
Wu Jian
Xom
Yredelemnul
The Shining One

Shops:
D:4 :   D:5 *   D:7 }

Annotations:
D:7 Menkaure
D:8 Maggie, Maurice


Innate Abilities, Weirdness & Mutations

You can breathe blasts of noxious fumes.
Your lurid green scales are hard. (AC +7)
You cannot fit into any form of body armour.
Your system is resistant to poisons. (rPois)
You are cold-blooded and may be slowed by cold attacks.


Message History

Maggie burns you.
* * * LOW HITPOINT WARNING * * *
Unknown command.
Casting: Shock (safe; 1% risk of failure)
Confirm with . or Enter, or press ? or * to list all spells.
Aiming: Shock (safe; 1% risk of failure)
Press: ? - help, Shift-Dir - straight line, f/p - Maggie
Aim: Maggie, wielding a +1 long sword of flaming and wearing +0 swamp dragon scales (almost dead, 23% to evade)
The zap hits Maggie but does no damage.
Maggie is almost dead.
The zap hits Maurice.
Maurice is moderately wounded.
The zap hits the centaur!
The centaur is severely wounded.
The zap hits the orc wizard!
You kill the orc wizard!
Maurice seems less confused.
Maurice shouts, "HAHA!"
Maggie hits you with a +1 long sword of flaming!
You die...

######### #.......#
#.......#
##.######.......#########
.))c.c@@@................
###.#####.......##.#.####
##########.#.# #.#.#
######.#.####
..............
.######.#...). #.#.....
#.#.....


You could see Maurice, Maggie and 2 centaurs.

Vanquished Creatures
  Sigmund (D:4)
  A sky beast (D:7)
  An orc warrior (D:6)
  An ice beast (D:5)
  A black bear (D:8)
  An ogre (D:5)
  2 centaurs (D:5)
  A big kobold (D:8)
  3 bullfrogs
  A scorpion (D:7)
  4 wights (D:7)
  2 howler monkeys (D:6)
  An orc priest (D:6)
  2 centaur zombies (D:6)
  6 orc wizards
  Crazy Yiuf (D:3)
  7 hounds
  A bullfrog skeleton (D:5)
  An iguana (D:6)
  3 worker ants
  A hound skeleton (D:6)
  2 worker ant zombies
  4 gnolls (D:7)
  A howler monkey skeleton (D:4)
  6 adders
  A white imp (D:7)
  2 oozes
  4 worms
  4 leopard geckos
  5 orcs
  9 bats
  4 giant cockroaches
  8 goblins
  13 hobgoblins
  15 jackals
  16 kobolds
  5 quokkas
  3 ball pythons
  6 frilled lizards
  A jackal skeleton (D:5)
  A quokka skeleton (D:5)
  8 rats
160 creatures vanquished.

Notes
Turn   | Place    | Note
-------+----------+-------------------------------------------
     0 | D:1      | st0uf the Draconian Air Elementalist began the quest for
                  | the Orb.
     0 | D:1      | Reached XP level 1. HP: 14/14 MP: 3/3
    72 | D:1      | Reached XP level 2. HP: 18/20 MP: 0/5
   828 | D:1      | Reached XP level 3. HP: 26/26 MP: 2/6
  1608 | D:2      | Reached skill level 4 in Air Magic
  1751 | D:2      | Reached XP level 4. HP: 18/33 MP: 2/7
  2943 | D:3      | Found an ornate altar of the Wu Jian Council.
  3464 | D:3      | Found a runed translucent door.
  3465 | D:3      | Noticed Crazy Yiuf
  3569 | D:4      | Reached XP level 5. HP: 10/38 MP: 0/9
  3808 | D:4      | Noticed Sigmund
  3844 | D:3      | Learned a level 3 spell: Static Discharge
  4187 | D:4      | Reached XP level 6. HP: 37/45 MP: 4/11
  4355 | D:4      | Found a snail-covered altar of Cheibriados.
  4369 | D:4      | Found a glowing golden altar of the Shining One.
  4426 | D:4      | Found Varunath's Book Shop.
  4599 | D:4      | Killed Sigmund
  4600 | D:4      | Reached skill level 5 in Air Magic
  4802 | D:3      | Killed Crazy Yiuf
  4907 | D:5      | Entered Level 5 of the Dungeon
  4914 | D:5      | Your scales start taking on a lurid green colour.
  4914 | D:5      | Reached XP level 7. HP: 50/50 MP: 13/13
  4914 | D:5      | Gained mutation: Your system is resistant to poisons.
                  | (rPois) [Green Draconian growth]
  4923 | D:5      | Found a staircase to the Ecumenical Temple.
  4932 | Temple   | Entered the Ecumenical Temple
  5399 | D:5      | Found Penwea's Assorted Antiques.
  5624 | D:5      | Found a sparkling altar of Nemelex Xobeh.
  5734 | D:5      | Reached skill level 5 in Spellcasting
  5734 | D:5      | Reached skill level 6 in Air Magic
  5914 | D:6      | Reached XP level 8. HP: 57/57 MP: 15/15
  5992 | D:6      | Learned a level 4 spell: Airstrike
  6503 | D:6      | Reached skill level 5 in Conjurations
  6874 | D:7      | Found a hazy altar of Hepliaklqana.
  6874 | D:7      | Found a white marble altar of Elyvilon.
  6882 | D:7      | Found a basalt altar of Yredelemnul.
  6884 | D:7      | Found a blossoming altar of Fedhas.
  6886 | D:7      | Found an ancient bone altar of Kikubaaqudgha.
  7509 | D:7      | Got a scorched spear
  7510 | D:7      | Identified the +6 spear "Tytub" {vorpal, rC+ Str+3} (You
                  | found it on level 7 of the Dungeon)
  7512 | D:7      | Found Peobit's Gadget Shoppe.
  7676 | D:7      | Noticed Menkaure
  7694 | D:8      | Found a bloodstained altar of Trog.
  7714 | D:8      | Reached skill level 7 in Air Magic
  7746 | D:8      | Reached XP level 9. HP: 61/62 MP: 14/18
  7842 | D:8      | Noticed Maggie
  7854 | D:8      | Noticed Maurice
  7867 | D:8      | Slain by Maggie

Illustrated notes

Levels and vault maps discovered:
D:1:      lightli_arrival_maybe_door_vault, layout_basic
D:2:      wad_pebble_path, layout_loops_ring
D:3:      layout_loops_corners, nzn_wu_jian_contemplation,
          uniq_crazy_yiuf_cottage
D:4:      layout_cave_pools, lemuel_crystal_altar,
          nicolae_overflow_hidden_temple, serial_shops, shop_fountains,
          uniq_sigmund
D:5:      layout_rooms, marbit_many_paths, minmay_temple_entry_statues_pillars,
          serial_shops, kennysheep_little_box,
          minmay_a_box_with_orc_wizards_in_it
D:6:      layout_gridville, minmay_fountain_box
D:7:      layout_layer_cave, grunt_temple_overflow_open, serial_shops, shop,
          uniq_menkaure
D:8:      layout_basic, vehumet_statue, small_chamber_with_monster,
          trog_three_pillars_becter, uniq_maurice, uniq_grum, uniq_maggie
Temple:   nicolae_temple_figure_zero

Skill      XL: |  1  2  3  4  5  6  7  8 |
---------------+-------------------------+-----
Air Magic      | 4 5 6 7 |  7.1
Dodging        | 2 3 4 |  4.6
Conjurations   | 2 3 4 5 |  5.9
Spellcasting   | 3 4 5 6 |  6.4
Polearms       | |  0.4
Stealth        | |  1.7

Action                   |  1- 3 |  4- 6 |  7- 9 || total
-------------------------+-------+-------+-------++-------
Melee: Unarmed           |    41 |    49 |       ||    90
       Tailslap          |     4 |     6 |    25 ||    35
       Spear             |       |    23 |   229 ||   252
 Cast: Shock             |    88 |   110 |    82 ||   280
       Static Discharge  |       |     1 |     1 ||     2
 Abil: Breathe Noxious F |       |       |    13 ||    13
  Use: Potion            |       |     2 |       ||     2
       Scroll            |       |     2 |     1 ||     3
 Stab: Sleeping          |       |     1 |     3 ||     4
       Confused          |       |       |     3 ||     3
       Distracted        |       |       |     2 ||     2
Armor: Skin              |    26 |    79 |    61 ||   166
Dodge: Dodged            |    63 |   118 |   136 ||   317
